 Dungeon Crawl Stone Soup version 0.29-a0-397-g846e4a0bbc (webtiles) character file.

Game seed: 16864012143237464608

53 jimonade the Magician (level 4, -1/32 HPs)
             Began as a Djinni Hedge Wizard on May 11, 2022.
             Slain by Terence
             ... wielding a +0 hand axe
              (2 damage)
             ... on level 2 of the Dungeon.
             The game lasted 00:06:06 (2883 turns).

jimonade the Magician (Djinni Hedge Wizard)         Turns: 2883, Time: 00:06:06

Health: -1/32      AC:  6    Str: 11    XL:     4   Next: 11%
Gold:   94         EV: 12    Int: 16    God:
                   SH:  0    Dex: 12

rFire   + + .      SeeInvis .   a - +0 dagger
rCold   x . .      Faith    .   (no shield)
rNeg    . . .      Spirit   .   b - +0 robe
rPois   ∞          Reflect  .   c - +0 hat
rElec   .          Harm     .   (no cloak)
rCorr   .          Rampage  .   (no gloves)
Will    .....                   (boots unavailable)
Stlth   ++........              (no amulet)
HPRegen 0.10/turn               k - +4 ring of protection
MPRegen 0.00/turn               (no ring)

@: flying
A: sickness immunity, fire resistance 2, cold vulnerability 1, float, innate
caster, HP casting, extra vitality 1
a: no special abilities


You were on level 2 of the Dungeon.
You visited 1 branch of the dungeon, and saw 2 of its levels.

You collected 94 gold pieces.

Inventory:

Hand Weapons
 a - a +0 dagger (weapon)
 e - a +0 club
 j - a +0 short sword
Missiles
 i - 4 poisoned darts
Armour
 b - a +0 robe (worn)
 c - a +0 hat (worn)
 h - a +0 chain mail
Jewellery
 k - a +4 ring of protection (left hand)
Scrolls
 d - a scroll of enchant weapon {unknown}
 g - a scroll of silence {unknown}
 m - a scroll of amnesia {unknown}
 n - a scroll of fog {unknown}
Potions
 f - a potion of curing {unknown}
 l - a potion of might {unknown}


   Skills:
 * Level 1.3 Fighting
 - Level 2.1 Dodging
 - Level 1.5 Stealth
 + Level 3.4 Spellcasting


You couldn't memorise any spells.
You knew the following spells:

 Your Spells              Type           Power      Damage    Failure   Level
a - Magic Dart            Conj           52%        1d5       4%          1
b - Blink                 Tloc           26%        N/A       7%          2
c - Call Imp              Summ           13%        N/A       7%          2
d - Slow                  Hex            52%        N/A       4%          1
e - Conjure Flame         Conj/Fire      13%        6-21      13%         3
f - Mephitic Cloud        Conj/Pois/Air  13%        N/A       13%         3
g - Pain                  Necr           52%        1d6       4%          1
Your spell library was empty.

Dungeon Overview and Level Annotations

Branches:
Dungeon (2/15)

Altars:

Shops:
D:1 =

Annotations:
D:2 Terence


Innate Abilities, Weirdness & Mutations

You are immune to sickness and miasma.
You are immune to poison.
Your flesh is very heat resistant. (rF++)
You are vulnerable to cold. (rC-)
You float through the air rather than walking.
You learn spells naturally, not from books.
Your magical power is your life essence.
You have superior vitality. (+4 MHP)


Message History

You barely miss Terence.
Terence is heavily wounded.
Terence hits you but does no damage.
You hit Terence.
Terence is heavily wounded.
Terence hits you with a +0 hand axe.
You hit Terence but do no damage.
Terence is heavily wounded.
Terence hits you with a +0 hand axe.
* * * LOW HITPOINT WARNING * * *
You hit Terence but do no damage.
Terence is heavily wounded.
Terence screams, "I want your blood!" Terence barely misses you.
You hit Terence but do no damage.
Terence is heavily wounded.
Terence zaps a wand.
The puff of flame hits you. You resist.
* * * LOW HITPOINT WARNING * * *
Aiming: Magic Dart (safe; 4% risk of failure)
Press: ? - help, Q - select action, (/) - cycle Shift-Dir - straight line, f/p - Terence
Aim: Terence, wielding a +0 hand axe, wearing a +0 chain mail and carrying a wand of flame (13) (heavily wounded, 100% to hit)
The magic dart hits Terence but does no damage.
Terence is heavily wounded.
* * * LOW HITPOINT WARNING * * *
Terence zaps a wand.
The puff of flame hits you. You resist.
* * * LOW HITPOINT WARNING * * *
Unknown command.
Press: ? - help, v - describe, . - travel
Here: Terence, wielding a +0 hand axe, wearing a +0 chain mail and carrying a wand of flame (12) (heavily wounded)
The floor.
You hit Terence but do no damage.
Terence is heavily wounded.
Terence hits you but does no damage.
You hit Terence but do no damage.
Terence is heavily wounded.
Terence barely misses you.
You completely miss Terence.
Terence is heavily wounded.
Terence hits you with a +0 hand axe.
You die...

######################
.[...................#
.....####............##
####.# #.......@.....#
#.# #...:...@...#.#
####.# #...........#
.....# #...........#
###### #...........#
#...........#
####..#.##.## ##.#. .#


You could see Terence.

Vanquished Creatures
  3 dart slugs
  A ball python (D:1)
  3 bats (D:1)
  6 endoplasms
  2 giant cockroaches
  3 goblins (D:1)
  4 hobgoblins (D:1)
  10 jackals (D:1)
  3 kobolds (D:1)
  A frilled lizard (D:1)
  2 rats
38 creatures vanquished.

Notes
Turn   | Place    | Note
-------+----------+-------------------------------------------
     0 | D:1      | jimonade the Djinni Hedge Wizard began the quest for the
                  | Orb.
     0 | D:1      | Reached XP level 1. HP: 15/15 MP: 0/0
   186 | D:1      | Found Geplag Pitz's Jewellery Shop.
   299 | D:1      | Reached XP level 2. HP: 17/22 MP: 0/0
   770 | D:1      | Reached skill level 3 in Spellcasting
   937 | D:1      | Reached XP level 3. HP: 21/26 MP: 0/0
   937 | D:1      | Learned a level 1 spell: Pain
  1164 | D:1      | Reached skill level 1 in Fighting
  1354 | D:1      | Found a faded altar of an unknown god.
  2591 | D:2      | Reached XP level 4. HP: 27/32 MP: 0/0
  2862 | D:2      | Noticed Terence
  2880 | D:2      | HP: 1/32 [Terence/puff of flame (3)]
  2883 | D:2      | Slain by Terence

Illustrated notes

Levels and vault maps discovered:
D:1:      dpeg_arrival_simpleton_c, layout_basic,
          shapermc_ecumenical_altar_hornbeckon, serial_shops,
          nicolae_shop_advertising_works [nicolae_subvault_shop_adworks],
          minmay_box_of_dots
D:2:      layout_basic, basic_altar, grunt_ministairs_8, minivault_26,
          kennysheep_generic_room_15, uniq_terence

Skill      XL: |  1  2  3 |
---------------+----------+-----
Spellcasting   | 3 |  3.4
Fighting       | 1 |  1.3
Dodging        | |  2.1
Stealth        | |  1.5

Action                   |  1- 3 |  4- 6 || total
-------------------------+-------+-------++-------
Melee: Dagger            |    20 |    14 ||    34
       Punch             |     2 |       ||     2
 Cast: Magic Dart        |    87 |    21 ||   108
 Stab: Sleeping          |     1 |       ||     1
Armor: Robe              |    10 |     3 ||    13
Dodge: Dodged            |    20 |     8 ||    28

Table legend: (Time is in decaauts)
 A = Elapsed time spent in this place.
 B = Non-inter-level travel time spent in this place.
 C = Inter-level travel time spent in this place.
 D = Time resting spent in this place.
 E = Time spent auto-exploring this place.
 F = Levels seen in this place.
 G = Mean time per level.
                   A        B        C        D        E       F      G
               +--------+--------+--------+--------+--------+-----+--------+
         Total |   2882 |   2747 |    135 |    305 |   2157 |   2 | 1441.0 |
       Dungeon |   2882 |   2747 |    135 |    305 |   2157 |   2 | 1441.0 |
               +--------+--------+--------+--------+--------+-----+--------+

Top non-repeatable levels by time:
     D:1: 2586 daAuts
     D:2: 295 daAuts
